 Dungeon Sprint DCSS version 0.27-a0-343-gfcad680f63 (webtiles) character file.

Game seed: 18243861550966518264

21732 crux the Brawler (level 12, 0/93 HPs)
             Began as an Octopode Transmuter on Feb 15, 2021.
             Was the Champion of Cheibriados.
             Slain by a naga warrior
             ... wielding a +0 glaive
              (35 damage)
             ... in the Dungeon (Sprint III: "The Ten Rune Challenge").
             The game lasted 00:15:38 (2241 turns).

crux the Brawler (Octopode Transmuter)              Turns: 2241, Time: 00:15:38

Health: 0/93       AC:  9    Str: 28    XL:     12   Next: 93%
Magic:  28/28      EV: 17    Int: 32    God:    Cheibriados [******]
Gold:   2199       SH:  0    Dex: 27    Spells: 26/36 levels left

rFire    x . .     SeeInvis .     - Unarmed
rCold    + + +     Faith    .   (shield currently unavailable)
rNeg     . . .     Spirit   .   (helmet currently unavailable)
rPois    +         Reflect  .   (no amulet)
rElec    .         Harm     .   (no ring)
rCorr    .         Rampage  .   (no ring)
Will     .....     NoTele   +   (no ring)
Stlth    +++++++...             (no ring)
HPRegen  1.25/turn              (no ring)
MPRegen  0.21/turn              (no ring)
                                (no ring)
                                (no ring)

@: lethally poisoned (0 -> 0), ice-form, constricted, very slow
A: large, almost no armour, stealthy swim, amphibious, 8 rings, (constrict 8),
regeneration 1
a: End Transformation, Renounce Religion, Bend Time, Temporal Distortion,
Slouch, Step From Time


You were in the Dungeon.
You worshipped Cheibriados.
Cheibriados was exalted by your worship.
You were a creature of crystalline ice.
You visited 1 branch You collected 2199 gold pieces.

Inventory:

Scrolls
 a - a scroll of immolation {unknown}
 f - 2 scrolls of identify {unknown}
 g - a scroll of blinking
 j - a scroll of torment {unknown}
Potions
 b - a potion of curing
 c - 4 potions of heal wounds
 d - a potion of might
 e - 2 potions of magic
 h - 2 potions of flight
 i - 4 potions of mutation


   Skills:
 + Level 5.9 Fighting
 * Level 9.1 Dodging
 + Level 16.9 Stealth
 + Level 17.7 Unarmed Combat
 + Level 12.7 Spellcasting
 + Level 13.1 Transmutations
 + Level 13.1 Invocations


You had 26 spell levels left.
You knew the following spells:

 Your Spells              Type           Power        Failure   Level
a - Beastly Appendage     Tmut           100%         0%          1
b - Ice Form              Ice/Tmut       58%          1%          4
c - Blade Hands           Tmut           40%          1%          5

Your spell library contained the following spells:

 Spells                   Type           Power        Failure   Level
 Wereblood                Tmut           81%          0%          2
 Spider Form              Tmut/Pois      29%          1%          3
 Animate Skeleton         Necr           40%          2%          1
 Apportation              Tloc           40%          2%          1
 Corona                   Hex            22%          2%          1
 Summon Small Mammal      Summ           80%          2%          1


Dungeon Overview and Level Annotations

Branches:
Dungeon (1/1)

Altars:
Cheibriados
Dithmenos
Elyvilon
Fedhas
Gozag
Hepliaklqana
Kikubaaqudgha
Makhleb
Nemelex Xobeh
Okawaru
Qazlal
Ru
Sif Muna
Trog
Uskayaw
Vehumet
Wu Jian
Xom
Yredelemnul
Zin
The Shining One
Beogh
Jiyva
Lugonu

Shops:
D :[!*?!!=!(:[(!?


Innate Abilities, Weirdness & Mutations

You cannot wear most types of armour.
You are very stealthy in the water. (Stealth+)
You are amphibious.
You can wear up to eight rings at the same time.
((You can use your tentacles to constrict eight enemies at once.))
((Your skin changes colour to match your surroundings (Stealth+).))
((Your rubbery body absorbs attacks. (AC +1, EV +1)))
((Your flesh is cold resistant. (rC+)))
Your natural rate of healing is unusually fast.


Message History

Cheibriados appreciates the change of pace.
The naga closely misses you. x2; The naga hits you with a +0 halberd.
The naga closely misses you.
The naga warrior shouts!
The nagaraja shouts!
You punch the nagaraja! You freeze the nagaraja.
The nagaraja is moderately wounded.
The naga hits you but does no damage. The naga grabs you.
The naga constricts you.
You hit the nagaraja. You freeze the nagaraja.
The nagaraja is moderately wounded.
The naga warrior spits poison at you.
The splash of poison hits you but does no damage.
You are poisoned.
You resist. The nagaraja hits you!
You pummel the nagaraja!! You freeze the nagaraja!
The nagaraja is heavily wounded.
You feel sick. The naga barely misses you. The naga constricts you.
The nagaraja points at you and mumbles some strange words.
You feel a strange sense of stasis.
The naga warrior hits you with a +0 glaive!
You completely miss the nagaraja.
The nagaraja is heavily wounded.
You pummel the nagaraja!! You freeze the nagaraja!
You kill the nagaraja!
Cheibriados appreciates the change of pace.
The naga misses you. The naga constricts you.
The naga warrior hits you with a +0 glaive!!
Your Dodging skill increases to level 9!
You completely miss the naga warrior. You barely miss the naga warrior.
You feel sick. The naga misses you. The naga constricts you.
The naga warrior spits poison at you.
The splash of poison hits you but does no damage.
You resist.
You punch the naga warrior! You freeze the naga warrior.
The naga warrior is lightly wounded.
The naga spits poison at you. The splash of poison hits you. You resist.
The naga constricts you.
The naga warrior hits you with a +0 glaive!!
You die...

#............#
###########..#
##......††...#
#...........##
#..##########
#.....†.....##
##....†......#
##########..#
#.NY........#
#∩.[)N......##
#∩.##########
#∩. ##


You could see a naga warrior (catching breath) and a naga (catching breath).

Vanquished Creatures
  Rupert (D)
  Dowan (D)
  A nagaraja (D)
  2 hydras (D)
  A centaur warrior (D)
  Erica (D)
  4 death yaks (D)
  Urug (D)
  A death drake (D)
  An unseen horror (D)
  An orange crystal statue (D)
  A lindwurm (D)
  A deep elf pyromancer (D)
  7 black mambas (D)
  2 cane toads (D)
  Duvessa (D)
  A komodo dragon (D)
  A rime drake (D)
  2 tyrant leeches (D)
  8 blink frogs (D)
  3 redbacks (D)
  A shadow (D)
  3 wandering mushrooms (D)
  A spatial vortex (D)
  A naga (D)
  5 water moccasins (D)
  4 orc warriors (D)
  A swamp drake (D)
  A necrophage (D)
  2 centaurs (D)
  An earth elemental (D)
  A water elemental (D)
  An electric eel (D)
  Crazy Yiuf (D)
  9 orc priests (D)
  A jelly (D)
  Jessica (D)
  A necromancer (D)
  A wizard (D)
  3 orc wizards (D)
  A kobold demonologist (D)
  3 humans (D)
  3 adders (D)
  An ooze (D)
  5 orcs (D)
  A goblin (D)
  2 rats (D)
  A plant (D)
98 creatures vanquished.

Vanquished Creatures (others)
  12 plants (D)
12 creatures vanquished.

Grand Total: 110 creatures vanquished

Notes
Turn   | Place    | Note
-------+----------+-------------------------------------------
     0 | D        | crux the Octopode Transmuter began the quest for the Orb.
     0 | D        | Reached XP level 1. HP: 13/13 MP: 3/3
   186 | D        | Reached skill level 4 in Unarmed Combat
   196 | D        | Noticed Jessica
   209 | D        | Killed Jessica
   210 | D        | Reached skill level 5 in Unarmed Combat
   210 | D        | Reached XP level 2. HP: 4/18 MP: 3/6
   210 | D        | Reached XP level 3. HP: 5/23 MP: 3/7
   457 | D        | Noticed Crazy Yiuf
   466 | D        | Killed Crazy Yiuf
   467 | D        | Reached skill level 6 in Unarmed Combat
   467 | D        | Reached XP level 4. HP: 28/28 MP: 7/9
   492 | D        | Gained mutation: Your natural rate of healing is unusually
                  | fast. [potion of mutation]
   492 | D        | Gained mutation: Your flesh is cold resistant. (rC+)
                  | [potion of mutation]
   499 | D        | Learned a level 4 spell: Ice Form
   538 | D        | Noticed a water elemental
   546 | D        | Killed a water elemental
   547 | D        | Reached skill level 5 in Stealth
   547 | D        | Reached skill level 7 in Unarmed Combat
   547 | D        | Reached XP level 5. HP: 7/33 MP: 5/11
   613 | D        | Learned a level 5 spell: Blade Hands
   615 | D        | Noticed a shadow
   617 | D        | Killed a shadow
   618 | D        | Reached skill level 8 in Unarmed Combat
   618 | D        | Reached skill level 5 in Spellcasting
   618 | D        | Reached skill level 5 in Transmutations
   618 | D        | Reached XP level 6. HP: 39/39 MP: 8/14
   622 | D        | Found a blossoming altar of Fedhas.
   622 | D        | Found a stormy altar of Qazlal.
   623 | D        | Found a snail-covered altar of Cheibriados.
   623 | D        | Found a burning altar of Makhleb.
   623 | D        | Found a hazy altar of Hepliaklqana.
   623 | D        | Found a shimmering altar of Xom.
   623 | D        | Found an opulent altar of Gozag.
   623 | D        | Found a sparkling altar of Nemelex Xobeh.
   623 | D        | Found a corrupted altar of Lugonu.
   623 | D        | Found a viscous altar of Jiyva.
   623 | D        | Noticed a spatial vortex
   625 | D        | Became a worshipper of Cheibriados the Contemplative
   631 | D        | Killed a spatial vortex
   632 | D        | Reached skill level 9 in Unarmed Combat
   652 | D        | Found a radiant altar of Vehumet.
   653 | D        | Found a shimmering blue altar of Sif Muna.
   653 | D        | Found an ancient bone altar of Kikubaaqudgha.
   655 | D        | Reached XP level 7. HP: 45/45 MP: 9/16
   657 | D        | Reached * piety under Cheibriados
   676 | D        | Found a glowing silver altar of Zin.
   677 | D        | Found a glowing golden altar of the Shining One.
   677 | D        | Found a white marble altar of Elyvilon.
   677 | D        | Noticed a deep elf pyromancer
   679 | D        | Killed a deep elf pyromancer
   680 | D        | Reached skill level 10 in Stealth
   680 | D        | Reached skill level 10 in Unarmed Combat
   680 | D        | Reached skill level 5 in Invocations
   680 | D        | Reached XP level 8. HP: 51/51 MP: 8/18
   735 | D        | Found a basalt altar of Yredelemnul.
   735 | D        | Found a shadowy altar of Dithmenos.
   735 | D        | Found a sacrificial altar of Ru.
   739 | D        | Reached ** piety under Cheibriados
   848 | D        | Found a hide-covered altar of Uskayaw.
   848 | D        | Found a roughly hewn altar of Beogh.
   848 | D        | Found an iron altar of Okawaru.
   848 | D        | Found a bloodstained altar of Trog.
   848 | D        | Found an ornate altar of the Wu Jian Council.
   856 | D        | Reached *** piety under Cheibriados
   881 | D        | Noticed Erica
   888 | D        | Killed Erica
   889 | D        | Reached skill level 5 in Dodging
   889 | D        | Reached skill level 11 in Unarmed Combat
   889 | D        | Reached XP level 9. HP: 46/57 MP: 15/20
   968 | D        | Noticed a centaur warrior
   974 | D        | Reached **** piety under Cheibriados
   975 | D        | Killed a centaur warrior
   976 | D        | Reached skill level 12 in Unarmed Combat
   992 | D        | Killed an unseen horror
   992 | D        | Reached ***** piety under Cheibriados
   993 | D        | Reached XP level 10. HP: 49/63 MP: 15/22
  1096 | D        | Noticed a cane toad
  1096 | D        | Noticed a cane toad
  1100 | D        | Killed a cane toad
  1102 | D        | Killed a cane toad
  1103 | D        | Reached skill level 13 in Unarmed Combat
  1106 | D        | Reached skill level 10 in Invocations
  1133 | D        | Reached ****** piety under Cheibriados
  1181 | D        | Reached skill level 10 in Transmutations
  1186 | D        | Reached skill level 10 in Spellcasting
  1228 | D        | Noticed a lindwurm
  1231 | D        | Killed a lindwurm
  1232 | D        | Reached skill level 14 in Unarmed Combat
  1232 | D        | Reached XP level 11. HP: 36/70 MP: 25/25
  1331 | D        | Noticed Urug
  1335 | D        | Killed Urug
  1409 | D        | Found Val Zowe's Assorted Antiques.
  1600 | D        | Noticed a five-headed hydra
  1600 | D        | Noticed a four-headed hydra
  1609 | D        | Killed a four-headed hydra
  1610 | D        | Noticed a death drake
  1613 | D        | Killed a five-headed hydra
  1614 | D        | Reached skill level 15 in Stealth
  1618 | D        | Killed a death drake
  1619 | D        | Reached skill level 5 in Fighting
  1619 | D        | Reached skill level 15 in Unarmed Combat
  1741 | D        | Noticed Dowan
  1741 | D        | Noticed Duvessa
  1748 | D        | Killed Duvessa
  1752 | D        | Killed Dowan
  1852 | D        | Noticed an orange crystal statue
  1861 | D        | Killed an orange crystal statue
  1873 | D        | Found Voarch's Antique Weapon Emporium.
  1873 | D        | Found Nabus's Antique Armour Shop.
  1873 | D        | Found Upuwnuash's Jewellery Boutique.
  1873 | D        | Found Wouwuvuk's Magic Scroll Shoppe.
  1873 | D        | Found Ytryov's Distillery.
  1873 | D        | Found Ochot Neme's Book Emporium.
  1873 | D        | Found Fimuon's Distillery.
  1873 | D        | Found Muocs's Distillery.
  1873 | D        | Found Waxuv's Distillery.
  1873 | D        | Found Yfeuthing's Magic Scroll Emporium.
  1873 | D        | Found Lomiff's Antique Weapon Boutique.
  1996 | D        | Noticed Rupert
  2002 | D        | Killed Rupert
  2003 | D        | Reached skill level 16 in Unarmed Combat
  2003 | D        | Reached XP level 12. HP: 47/78 MP: 23/27
  2023 | D        | Noticed a death yak
  2024 | D        | Noticed a death yak
  2033 | D        | Killed a death yak
  2033 | D        | Noticed a death yak
  2035 | D        | Noticed a death yak
  2036 | D        | Killed a death yak
  2039 | D        | Killed a death yak
  2041 | D        | Killed a death yak
  2119 | D        | Noticed an azure jelly
  2119 | D        | Noticed an azure jelly
  2168 | D        | Reached skill level 17 in Unarmed Combat
  2225 | D        | Noticed a naga warrior
  2225 | D        | Noticed a nagaraja
  2227 | D        | Found Qulatuuh's Book Boutique.
  2227 | D        | Found Kiymuem's Antique Armour Emporium.
  2229 | D        | Found Rani's Distillery.
  2238 | D        | Killed a nagaraja
  2241 | D        | Slain by a naga warrior

Illustrated notes

Levels and vault maps discovered:
D:        dungeon_sprint_mu [sprint_mu_entry_cave, sprint_mu_temple_rooms,
          sprint_mu_d1_horrors, sprint_mu_d2_genie, sprint_mu_d3_branching,
          sprint_mu_orc_legion, sprint_mu_elf_gauntlet, sprint_mu_hive_nellie,
          sprint_mu_lair_fedhas, sprint_mu_vaults_butterflies,
          sprint_mu_slime_circle, sprint_mu_shoals_kraken,
          sprint_mu_snake_twists, sprint_mu_blade_basic, sprint_mu_crypt_lich,
          sprint_mu_tomb_spiral, sprint_mu_vestibule_basic,
          sprint_mu_gehenna_hellfire, sprint_mu_dis_giant,
          sprint_mu_tartarus_statrot, sprint_mu_cocytus_islands, sprint_mu_zot1]

Skill      XL: |  1  2  3  4  5  6  7  8  9 10 11 12 |
---------------+-------------------------------------+-----
Unarmed Combat | 5 6 7 8 9 10 11 12 14 16 17 | 17.7
Stealth        | 2 3 5 7 8 10 11 13 14 16 | 16.9
Spellcasting   | 3 4 5 6 7 8 10 11 12 | 12.7
Dodging        | 3 4 5 6 9 |  9.1
Transmutations | 3 4 5 6 7 8 10 12 13 | 13.1
Fighting       | 2 3 4 5 |  5.9
Invocations    | 2 5 7 9 11 12 13 | 13.1

Action                   |  1- 3 |  4- 6 |  7- 9 | 10-12 || total
-------------------------+-------+-------+-------+-------++-------
Melee: Unarmed           |    20 |    13 |    36 |   153 ||   222
       Kick              |     9 |       |       |       ||     9
       Constrict         |     3 |       |     4 |    21 ||    28
       Tentacles         |     2 |       |     5 |    35 ||    42
       Punch             |       |       |     1 |    21 ||    22
 Cast: Beastly Appendage |     4 |     1 |       |       ||     5
       Ice Form          |       |     2 |     1 |     3 ||     6
       Blade Hands       |       |     1 |     5 |    14 ||    20
Invok: Slouch            |       |       |     1 |     3 ||     4
  Use: Potion            |     1 |     2 |       |       ||     3
 Stab: Sleeping          |     4 |     3 |     5 |    12 ||    24
       Distracted        |       |       |       |     1 ||     1
Armor: Skin              |       |     1 |       |     8 ||     9
Dodge: Dodged            |     5 |     1 |     9 |    76 ||    91

Table legend: (Time is in decaauts)
 A = Elapsed time spent in this place.
 B = Non-inter-level travel time spent in this place.
 C = Inter-level travel time spent in this place.
 D = Time resting spent in this place.
 E = Time spent auto-exploring this place.
 F = Levels seen in this place.
 G = Mean time per level.
                   A        B        C        D        E       F      G
               +--------+--------+--------+--------+--------+-----+--------+
         Total |   2803 |   2799 |      4 |   1040 |      0 |   1 | 2803.0 |
       Dungeon |   2803 |   2799 |      4 |   1040 |      0 |   1 | 2803.0 |
               +--------+--------+--------+--------+--------+-----+--------+

Top non-repeatable levels by time:
       D: 2803 daAuts
